 Dungeon Crawl Stone Soup version 0.20.1-1-g8b1a95d (webtiles) character file.

228 letownia2 the Grave Robber (level 5, -10/42 HPs)
             Began as a Deep Dwarf Necromancer on Dec 16, 2017.
             Killed from afar by an oklob sapling (13 damage)
             ... with a splash of acid
             ... on level 4 of the Dungeon.
             The game lasted 00:06:07 (1295 turns).

letownia2 the Grave Robber (Deep Dwarf Necromancer) Turns: 1295, Time: 00:06:08

Health: -10/42     AC:  2    Str: 11    XL:     5   Next: 71%
Magic:  8/8        EV: 11    Int: 17    God:
Gold:   35         SH:  0    Dex: 13    Spells: 4/8 levels left

rFire    . . .     SeeInvis .   i - +0 dagger
rCold    . . .     Gourm    .   (no shield)
rNeg     . . .     Faith    .   d - +0 ring mail
rPois    .         Spirit   .   (no helmet)
rElec    .         Reflect  .   (no cloak)
rCorr    .         Harm     .   k - +0 pair of gloves
MR       .....                  (no boots)
Stlth    +.........             (no amulet)
Regen    0.0/turn               (no ring)
MPRegen  0.2/turn               (no ring)

@: corroded, non-regenerating
A: damage resistance, heal wounds, sense surroundings 1, no regeneration
a: Heal Wounds


You were on level 4 of the Dungeon.
You were not hungry.

You visited 1 branch of the dungeon, and saw 4 of its levels.

You collected 35 gold pieces.

Inventory:

Hand Weapons
 i - a +0 dagger (weapon)
Armour
 a - a +0 robe
 d - a +0 ring mail (worn)
 k - a +0 pair of gloves (worn)
Wands
 j - a wand of digging (22/24)
 o - a wand of lightning (1/15)
Scrolls
 e - 2 scrolls of teleportation {unknown}
 h - 3 scrolls of identify
 m - a scroll of magic mapping {unknown}
Potions
 f - a potion of curing {unknown}
 l - 2 potions of haste {unknown}
Books
 b - a book of Necromancy

   Spells                             Type                      Level
   a - Pain                           Necromancy                   1
   b - Animate Skeleton               Necromancy                   1
   c - Vampiric Draining              Necromancy                   3
   d - Regeneration                   Charms/Necromancy            3
   e - Animate Dead                   Necromancy                   4
   f - Control Undead                 Necromancy                   4
Comestibles
 c - a bread ration
 g - 2 meat rations
 n - 6 chunks of flesh


   Skills:
 - Level 2.3 Dodging
 - Level 2.4 Stealth
 - Level 2.1 Spellcasting
 + Level 7.5 Necromancy


You had 4 spell levels left.
You knew the following spells:

 Your Spells              Type           Power        Failure   Level  Hunger
a - Pain                  Necr           ####         2%          1    #......
v - Vampiric Draining     Necr           ####......   6%          3    ###....


Dungeon Overview and Level Annotations

Branches:
Dungeon (4/15)             Temple (0/1) D:4

Altars:
Elyvilon

Annotations:
D:4 exclusion: oklob sapling, letownia2's ghost, amateur DDNe


Innate Abilities, Weirdness & Mutations

You are resistant to damage.
You can heal yourself by infusing magical energy.
You passively map a small area around you.
You do not regenerate.


Message History

The bolt of lightning hits the oklob sapling.
The oklob sapling is almost destroyed.
The bolt of lightning hits the plant.
The plant appears unharmed.
The plant is severely damaged.
The bolt of lightning hits the plant.
The plant is moderately damaged.
The bolt of lightning hits the plant.
The plant is heavily damaged.
This wand has 1 charge left.
The oklob sapling spits acid at you. The splash of acid misses you.
The splash of acid hits the plant.
The plant is splashed with acid.
The acid corrodes the plant!
Unknown command.
You hit the oklob sapling but do no damage.
The oklob sapling is almost destroyed.
You hit the oklob sapling but do no damage.
The oklob sapling is almost destroyed.
The oklob sapling spits acid at you. The splash of acid hits you!
You die...

#.# #..#.# ####.#.#
#.# ####....# #)#.#
#.# #....>### #.#.#
..# ##.###...# #.#.#
### #.P..P.P.# #.#.#
#..PPPP..# #.#.#
#.PP..P.## #.#.#
#.P.>PPP# #.#.#
#PPPP@.P########.#.#
#...PPPP............#
#..P.PP.(########.###
#.#####.#.#######.##
#. ,.........<....#
## *#####.########.#
.##....O..#
*.##.####### .##.#


You could see an oklob sapling.

Vanquished Creatures
  A water moccasin (D:4)
  An ogre (D:4)
  3 adders
  4 orcs
  3 bats (D:3)
  A frilled lizard (D:3)
  A plant (D:4)
14 creatures vanquished.

Vanquished Creatures (others)
  A quokka (D:3)
1 creature vanquished.

Grand Total: 15 creatures vanquished

Notes
Turn   | Place    | Note
-------+----------+-------------------------------------------
     0 | D:1      | letownia2 the Deep Dwarf Necromancer began the quest for the Orb.
     0 | D:1      | Reached XP level 1. HP: 15/15 MP: 3/3
    89 | D:3      | Reached XP level 2. HP: 19/22 MP: 0/4
   233 | D:3      | Found a white marble altar of Elyvilon.
   322 | D:3      | Reached skill level 5 in Necromancy
   534 | D:4      | Noticed letownia2's ghost (amateur DDNe)
   697 | D:4      | Reached XP level 3. HP: 20/28 MP: 0/6
   703 | D:4      | Learned a level 3 spell: Vampiric Draining
   720 | D:4      | Found a staircase to the Ecumenical Temple.
   721 | D:4      | Noticed an oklob sapling
   886 | D:4      | Noticed a water moccasin
   892 | D:4      | Killed a water moccasin
   892 | D:4      | Reached skill level 6 in Necromancy
   892 | D:4      | Reached XP level 4. HP: 9/36 MP: 2/7
   892 | D:4      | Reached XP level 5. HP: 11/42 MP: 2/8
  1045 | D:4      | Noticed an ogre
  1072 | D:4      | Killed an ogre
  1072 | D:4      | Reached skill level 7 in Necromancy
  1295 | D:4      | Killed from afar by an oklob sapling

Skill      XL: |  1  2  3  4  5 |
---------------+----------------+-----
Spellcasting   | 2 |  2.1
Necromancy     | 5 6 7 |  7.5
Dodging        | |  2.3
Stealth        | |  2.4

Action                   |  1- 3 |  4- 6 || total
-------------------------+-------+-------++-------
Melee: Unarmed           |     1 |       ||     1
       Dagger            |   105 |   196 ||   301
 Cast: Pain              |    28 |     3 ||    31
       Vampiric Draining |       |     5 ||     5
Evoke: Wand              |       |     3 ||     3
  Use: Scroll            |       |     1 ||     1
 Stab: Sleeping          |     1 |       ||     1
  Eat: Chunk             |       |     3 ||     3
Armor: Ring mail         |     7 |       ||     7
Dodge: Dodged            |    10 |     3 ||    13
